 Dungeon Crawl Stone Soup version 0.17.0-28-g6e173f8 (webtiles) character file.

105 DeXoteric the Chopper (level 4, -5/41 HPs)
             Began as a Minotaur Berserker on Nov 24, 2015.
             Was a Believer of Trog.
             Killed by nerve-wracking pain
             ... invoked by Lionyx's ghost
              (8 damage)
             ... on level 3 of the Dungeon.
             The game lasted 00:06:11 (2157 turns).

DeXoteric the Chopper (Minotaur Berserker)          Turns: 2157, Time: 00:06:11

Health: -5/41      AC:  9    Str: 21    XL:     4   Next: 53%
Magic:  3/3        EV:  8    Int:  4    God:    Trog [**....]
Gold:   96         SH:  0    Dex: 11    Spells: 0 memorised, 3 levels left

rFire  . . .     SeeInvis .     a - +0 hand axe
rCold  . . .     Clarity  .     h - +0 chain mail
rNeg   . . .     SustAt   .     (no shield)
rPois  .         Gourm    .     (helmet restricted)
rElec  .         Spirit   .     n - +0 cloak
rCorr  .         Warding  .     (no gloves)
rMut   .         Stasis   .     (no boots)
MR     .....                    (no amulet)
Stlth  ..........               (no ring)
                                (no ring)

@: exhausted, slowed, very slow, not resistant to hostile enchantments,
extremely unstealthy
A: retaliatory headbutt, horns 2
a: Berserk, Trog's Hand, Burn Spellbooks, Renounce Religion


You were on level 3 of the Dungeon.
You worshipped Trog.
Trog was pleased with you.
You were hungry.

You visited 1 branch of the dungeon, and saw 3 of its levels.

You collected 96 gold pieces.

Inventory:

Hand Weapons
 a - a +0 hand axe (weapon)
Armour
 h - a +0 chain mail (worn)
 n - a +0 cloak (worn)
Wands
 p - a wand of flame (28)
Scrolls
 b - 3 scrolls of remove curse {unknown}
 e - 2 scrolls of enchant weapon {unknown}
 i - a scroll of immolation {unknown}
 j - a scroll of amnesia {unknown}
 l - a scroll of blinking {unknown}
 o - a scroll of identify {unknown}
Potions
 d - a potion of lignification {unknown}
 q - a potion of cancellation {unknown}
 r - a potion of magic {unknown}
 s - a potion of brilliance {unknown}
 t - a potion of curing {unknown}
Comestibles
 c - 3 bread rations
 f - 7 chunks of flesh
 g - a slice of pizza
 k - a beef jerky
 m - a meat ration


   Skills:
 + Level 4.7 Fighting
 * Level 5.6 Axes
 - Level 2.4 Armour
 - Level 2.1 Dodging


You had 3 spell levels left.
You didn't know any spells.

Dungeon Overview and Level Annotations

Branches:
Dungeon (3/15)

Altars:
Trog

Annotations:
D:3 Lionyx's ghost, weakling DsNe


Innate Abilities, Weirdness & Mutations

You reflexively headbutt those who attack you in melee.
You have a pair of horns on your head.


Message History

Lionyx's ghost is lightly damaged.
Lionyx's ghost points at you and mumbles some strange words.
Pain shoots through your body!
* * * LOW HITPOINT WARNING * * *
You closely miss Lionyx's ghost. Your headbutt misses Lionyx's ghost.
Lionyx's ghost is lightly damaged.
The orc hits you but does no damage.
Lionyx's ghost points at you and mumbles some strange words.
Pain shoots through your body!
* * * LOW HITPOINT WARNING * * *
Lionyx's ghost casts a spell at you.
You barely resist.
You feel a strong urge to attack something.
You are no longer berserk.
You are exhausted.
You feel yourself slow down.
You are feeling hungry.
Lionyx's ghost points at you and mumbles some strange words.
Pain shoots through your body!
You die...

... #.########.#
### #.## #.# ..#
#####.# # #.(
...#.# #.#.
#######.#.# #..
#.........#
#...###.#####.###
#.......#####.#
#...(.oW...H.#
#.#..#o#######
##...# #....#
#..♣♣.o# #.. ....
...♣ .#### #...
.# #.#. ##


You could see Lionyx's ghost and 2 orcs.

Vanquished Creatures
  A gnoll (D:2)
  4 adders
  4 worms (D:2)
  3 orcs (D:3)
  A giant cockroach (D:1)
  7 hobgoblins
  3 quokkas (D:2)
  4 bats
  2 giant geckos
  3 giant newts
  2 goblins (D:1)
  5 kobolds
  8 rats
47 creatures vanquished.

Notes
Turn   | Place    | Note
--------------------------------------------------------------
     0 | D:1      | DeXoteric the Minotaur Berserker began the quest for the Orb.
     0 | D:1      | Reached XP level 1. HP: 19/19 MP: 0/0
   237 | D:1      | Reached skill level 4 in Axes
   319 | D:1      | Reached XP level 2. HP: 27/27 MP: 1/1
   993 | D:2      | Reached ** piety under Trog
   993 | D:2      | Reached XP level 3. HP: 33/33 MP: 2/2
  1314 | D:2      | Reached skill level 5 in Axes
  1354 | D:2      | Noticed a moth of wrath
  1357 | D:2      | Found a bloodstained altar of Trog.
  1660 | D:2      | Reached XP level 4. HP: 41/41 MP: 3/3
  2137 | D:3      | Noticed Lionyx's ghost (weakling DsNe)
  2157 | D:3      | Killed from afar by Lionyx's ghost

Action                   |  1- 3 |  4- 6 || total
-------------------------+-------+-------++-------
Melee: Hand axe          |    87 |    35 ||   122
Invok: Berserk           |     1 |     1 ||     2
  Eat: Chunk             |     2 |     3 ||     5
